 Seeded DCSS version 0.29-a0-344-ge2f44be95a (webtiles) character file.

Game seed: 12365834321870921924 (custom seed)

26 klau3 the Cudgeller (level 2, -10/28 HPs)
             Began as a Deep Dwarf Berserker on Apr 21, 2022.
             Was a Believer of Trog.
             Mangled by a goblin
             ... wielding a +2 dagger of electrocution
             ... led by Robin
              (19 damage)
             ... on level 2 of the Dungeon.
             The game lasted 00:08:39 (1024 turns).

klau3 the Cudgeller (Deep Dwarf Berserker)          Turns: 1024, Time: 00:08:41

Health: -10/28     AC:  5    Str: 20    XL:     2   Next: 89%
Magic:  2/2        EV: 11    Int:  7    God:    Trog [**....]
Gold:   25         SH:  0    Dex: 12    Spells: 1/1 levels left

rFire   . . .      SeeInvis .   a - +0 mace
rCold   . . .      Faith    .   (no shield)
rNeg    . . .      Spirit   .   p - +0 ring mail
rPois   .          Reflect  .   (no helmet)
rElec   .          Harm     .   (no cloak)
rCorr   .          Rampage  .   (no gloves)
Will    .....                   (no boots)
Stlth   +.........              (no amulet)
HPRegen 0.00/turn               (no ring)
MPRegen 0.08/turn               (no ring)

@: no status effects
A: damage resistance, heal wounds, sense surroundings 1, no regeneration
a: Heal Wounds, Renounce Religion, Berserk, Trog's Hand


You were on level 2 of the Dungeon.
You worshipped Trog.
Trog was pleased with you.
You visited 1 branch of the dungeon, and saw 2 of its levels.

You collected 25 gold pieces.

Inventory:

Hand Weapons
 a - a +0 mace (weapon)
 c - a +0 short sword
 d - a +0 long sword
 h - a +0 whip
 i - a +0 dagger
 k - a +0 short sword
 l - a +0 club
Missiles
 m - 20 stones
Armour
 b - a +0 animal skin
 f - a +0 robe
 p - a +0 ring mail (worn)
 q - a +0 ring mail
Magical Staves
 e - a staff of poison
Scrolls
 g - a scroll of amnesia {unknown}
 j - a scroll of teleportation {unknown}
 n - 2 scrolls of identify {unknown}
Potions
 o - a potion of curing {unknown}


   Skills:
 + Level 3.0 Fighting
 + Level 3.6 Maces & Flails
 + Level 2.4 Armour
 + Level 2.4 Dodging


You had one spell level left.
You didn't know any spells.
Your spell library was empty.

Dungeon Overview and Level Annotations

Branches:
Dungeon (2/15)

Altars:
Fedhas


Innate Abilities, Weirdness & Mutations

You are resistant to damage.
You can heal yourself by infusing magical energy.
You passively map a small area around you.
You do not regenerate.


Message History

You open the door.
There is an open door here.
The bat hits you but does no damage.
You hit the bat.
The bat is moderately wounded.
The bat misses you. The bat barely misses you.
You hit the bat.
The bat is heavily wounded.
The bat closely misses you. The bat hits you but does no damage.
You hit the bat.
You kill the bat!
Trog accepts your kill.
You see here a +0 ring mail.
q - a +0 ring mail
There is an open door here.
Have to go through D:2.
Continue? [Y]es or [N]o only, please.
Have to go through D:2.
Continue? [Y]es or [N]o only, please.
Have to go through D:2.
Continue? [Y]es or [N]o only, please.
Have to go through D:2.
Continue?
There is a stone staircase leading down here.
You climb downwards.
The hobgoblin shouts!
You hear a shout!
The goblin barely misses you.
There is a stone staircase leading up here.
There are monsters nearby!
You closely miss the hobgoblin. The goblin hits you but does no damage.
The hobgoblin barely misses you.
You closely miss the hobgoblin.
A goblin comes into view. It is wielding a +0 club.
The goblin hits you but does no damage. The hobgoblin misses you.
You barely miss the hobgoblin.
The goblin shouts!
You hear a shout! x2
A goblin comes into view. It is wielding a +0 dagger.
The hobgoblin hits you. The goblin hits you but does no damage.
You are electrocuted!!
Ouch! That really hurt!
You die...

............# ,
#######.....# * *
#.._..## , ,
#......# , #......#
, ##..#..# #,
#.##.## .# *
#.##.######.#,
#####........@..# *
#...........>gg.#,,
#.############g.#*
* , *..# * ..# , *
..# * , * * g.# *
,, , ..# , * .##


You could see 2 hobgoblins and 2 goblins.

Vanquished Creatures
  2 endoplasms (D:1)
  3 goblins
  A hobgoblin (D:1)
  4 jackals (D:1)
  3 quokkas
  A ball python (D:1)
  4 bats
  2 frilled lizards (D:1)
  A kobold (D:1)
  A rat (D:1)
22 creatures vanquished.

Notes
Turn   | Place    | Note
-------+----------+-------------------------------------------
     0 | D:1      | klau3 the Deep Dwarf Berserker began the quest for the Orb.
     0 | D:1      | Reached XP level 1. HP: 20/20 MP: 1/1
   165 | D:1      | Reached XP level 2. HP: 10/27 MP: 2/2
   702 | D:2      | Found a blossoming altar of Fedhas.
   872 | D:1      | Reached ** piety under Trog
  1024 | D:2      | Mangled by a goblin

Illustrated notes

Levels and vault maps discovered:
D:1:      dpeg_arrival_line_fractal, layout_loops_corners
D:2:      layout_loops_ring, hellmonk_ecumenical_altar_pennies_from_heaven,
          basic_altar, uniq_robin

Skill      XL: |  1  2 |
---------------+-------+-----
Fighting       | 3 |  3.0
Maces & Flails | |  3.6
Armour         | |  2.4
Dodging        | |  2.4

Action                   || total
-------------------------++-------
Melee: Mace              ||    61
  Use: Potion            ||     1
Armor: Animal skin       ||    13
       Ring mail         ||     5
Dodge: Dodged            ||    56

Table legend: (Time is in decaauts)
 A = Elapsed time spent in this place.
 B = Non-inter-level travel time spent in this place.
 C = Inter-level travel time spent in this place.
 D = Time resting spent in this place.
 E = Time spent auto-exploring this place.
 F = Levels seen in this place.
 G = Mean time per level.
                   A        B        C        D        E       F      G
               +--------+--------+--------+--------+--------+-----+--------+
         Total |   1037 |    323 |    714 |      0 |      0 |   2 |  518.5 |
       Dungeon |   1037 |    323 |    714 |      0 |      0 |   2 |  518.5 |
               +--------+--------+--------+--------+--------+-----+--------+

Top non-repeatable levels by time:
     D:1: 958 daAuts
     D:2: 79 daAuts
